 Seeded DCSS version 0.30.1-11-g7821555f0a (webtiles) character file.

Game seed: 10574354823592160604 (custom seed)

65 Psyclone the Magician (level 3, 19/19 HPs)
             Began as a Deep Elf Conjurer on Nov 18, 2023.
             Quit the game on level 2 of the Dungeon.
             The game lasted 00:01:10 (723 turns).

Psyclone the Magician (Deep Elf Conjurer)            Turns: 723, Time: 00:01:11

Health: 19/19      AC:  2    Str:  4    XL:     3   Next: 94%
Magic:  14/14      EV: 12    Int: 24    God:
Gold:   0          SH:  0    Dex: 13    Spells: 14/17 levels left

rFire   . . .        d - +4 dagger
rCold   . . .        (no shield)
rNeg    . . .        a - +0 robe
rPois   .            (no helmet)
rElec   .            (no cloak)
rCorr   .            (no gloves)
SInv    .            (no boots)
Will    .....        (no amulet)
Stlth   ++           (no ring)
HPRegen 0.00/turn    (no ring)
MPRegen 0.14/turn

%: random rage (9%)
@: inhibited regen
A: berserk 2, inhibited regeneration, wild magic 1, evolution 1
a: no special abilities


You were on level 2 of the Dungeon.
You visited 1 branch of the dungeon, and saw 2 of its levels.

Inventory:

Hand Weapons
 d - a +4 dagger (weapon)
Armour
 a - a +0 robe (worn)
Scrolls
 e - a scroll of identify {unknown}
Potions
 b - a potion of magic
 c - a potion of mutation


   Skills:
 - Level 2.4 Dodging
 - Level 2.4 Stealth
 + Level 7.7 Spellcasting
 * Level 7.7 Conjurations
 - Level 4.6 Hexes
 - Level 3.6 Translocations


You had 14 spell levels left.
You knew the following spells:

 Your Spells              Type           Power      Damage    Failure   Level
a - Magic Dart            Conj           100%       1d8       1%          1
b - Searing Ray           Conj           100%       2d8       1%          2

Your spell library contained the following spells:

 Spells                   Type           Power      Damage    Failure   Level
 Dazzling Flash           Conj/Hex       100%       N/A       3%          3
 Fulminant Prism          Conj/Hex       25%        3d14      9%          4
 Iskenderun's Mystic Bla  Conj/Tloc      47%        2d10      10%         4


Dungeon Overview and Level Annotations

Branches:
Dungeon (2/15) Zot: 11277

Altars:


Innate Abilities, Weirdness & Mutations

You have an uncontrollable temper.
You do not regenerate when monsters are visible.
Your spells are a little harder to cast, but a little more powerful.
You have hidden genetic potential.


Message History

There is an open door here.
There is an open door here.
A rat comes into view.
Unknown command.
Casting: Magic Dart (safe; 1% risk of failure)
Confirm with . or Enter, or press ? or * to list all spells.
Aiming: Magic Dart (safe; 1% risk of failure)
Press: ? - help, Shift-Dir - straight line, f - rat
Aim: a rat (asleep, 100% to hit)
The magic dart hits the rat.
You kill the rat!
You now have 13/14 mp.
Casting: Magic Dart (safe; 1% risk of failure)
Confirm with . or Enter, or press ? or * to list all spells.
You can't see any susceptible monsters within range! (Use Z to cast anyway.) Unknown command.
Casting: Magic Dart (safe; 1% risk of failure)
Confirm with . or Enter, or press ? or * to list all spells.
You can't see any susceptible monsters within range! (Use Z to cast anyway.) Unknown command.
Casting: Magic Dart (safe; 1% risk of failure)
Confirm with . or Enter, or press ? or * to list all spells.
You can't see any susceptible monsters within range! (Use Z to cast anyway.) Unknown command.
Casting: Magic Dart (safe; 1% risk of failure)
Confirm with . or Enter, or press ? or * to list all spells.
You can't see any susceptible monsters within range! (Use Z to cast anyway.) Unknown command.
Found a stone staircase leading down.
MP restored: 14
Found a scroll labelled YZYALA YFOPT.
You open the door.
There is an open door here.
You see here a scroll labelled YZYALA YFOPT.
There is an open door here.
There is an open door here.
A hobgoblin comes into view.
Unknown command.
Unknown command.
Are you sure you want to abandon this character and quit the game? (Confirm with "yes".)

#######..#.#
#............. #..#.#
#............. #..#.#
#............. #....#
######...###### ####.##
#....'...# #..##
####.#?##...#
##..###....#..'...#
##..#.....####...#
##...@#### #...#
####......# #...#
.......>.#.# #...#
...........# #...#
............# #...#
[...........# #...#
...........## #...#
......g...#######'#######
.........# #............


You could see a hobgoblin (wandering).

Vanquished Creatures
  An adder (D:2)
  2 worms (D:2)
  2 dart slugs
  An endoplasm (D:2)
  A giant cockroach (D:1)
  2 goblins (D:1)
  A hobgoblin (D:2)
  2 bats (D:1)
  A frilled lizard (D:2)
  3 kobolds
  4 rats
20 creatures vanquished.

Notes
Turn   | Place    | Note
-------+----------+-------------------------------------------
     0 | D:1      | Psyclone the Deep Elf Conjurer began the quest for the Orb.
     0 | D:1      | Reached XP level 1. HP: 10/10 MP: 6/6
    60 | D:1      | Gained mutation: You sometimes lose your temper in combat.
                  | [potion of mutation]
    60 | D:1      | Gained mutation: You have an uncontrollable temper. [potion
                  | of mutation]
    60 | D:1      | Gained mutation: You do not regenerate when monsters are
                  | visible. [potion of mutation]
    60 | D:1      | Gained mutation: You have hidden genetic potential. [potion
                  | of mutation]
   224 | D:1      | Reached XP level 2. HP: 15/15 MP: 6/8
   224 | D:1      | Gained mutation: Your spells are a little harder to cast,
                  | but a little more powerful. [hidden potential]
   255 | D:2      | Learned a level 2 spell: Searing Ray
   323 | D:2      | Reached skill level 5 in Conjurations
   367 | D:2      | Reached XP level 3. HP: 19/19 MP: 9/14
   508 | D:2      | Gained mutation: You have great hidden genetic potential.
                  | [hidden potential]
   508 | D:2      | Lost mutation: You have great hidden genetic potential.
                  | [hidden potential expressed]
   723 | D:2      | Quit the game

Illustrated notes

Levels and vault maps discovered:
D:1:      doesnt_arrival_eight_statues, layout_loops_ring, serial_shops, shop
D:2:      layout_basic

Skill      XL: |  1  2 |
---------------+-------+-----
Conjurations   | 7 |  7.7
Spellcasting   | 7 |  7.7
Hexes          | 4 |  4.6
Translocations | 3 |  3.6
Dodging        | |  2.4
Stealth        | |  2.4

Action                     || total
---------------------------++-------
   Cast: Magic Dart        ||    35
         Searing Ray       ||     1
    Use: Potion            ||     2
 Armour: Robe              ||     1
  Dodge: Dodged            ||     3
